 Dungeon Crawl Stone Soup version 0.29-a0-92-gee772dd00f (webtiles) character file.

Game seed: 10921569159351601645

32 tatocazan the Sneak (level 3, -4/18 HPs)
             Began as a Spriggan Brigand on Feb 9, 2022.
             Killed by nerve-wracking pain
             ... invoked by Jessica
              (13 damage)
             ... on level 2 of the Dungeon.
             The game lasted 00:01:20 (1694 turns).

tatocazan the Sneak (Spriggan Brigand)              Turns: 1694, Time: 00:01:20

Health: -4/18      AC:  3    Str:  7    XL:     3   Next: 10%
Magic:  4/4        EV: 16    Int: 12    God:
Gold:   59         SH:  0    Dex: 18    Spells: 2/2 levels left

rFire   . . .      SeeInvis +   a - +2 dagger
rCold   . . .      Faith    .   (no shield)
rNeg    . . .      Spirit   .   b - +0 robe
rPois   .          Reflect  .   (helmet restricted)
rElec   .          Harm     .   c - +0 cloak
rCorr   .          Rampage  .   (gloves unavailable)
Will    .....                   (boots unavailable)
Stlth   ++++......              (no amulet)
HPRegen 0.06/turn               (no ring)
MPRegen 0.09/turn               (no ring)

@: very quick
A: very small, no large weapons, unfitting armour, see invisible, speed 3
a: no special abilities


You were on level 2 of the Dungeon.
You visited 1 branch of the dungeon, and saw 2 of its levels.

You collected 59 gold pieces.

Inventory:

Hand Weapons
 a - a +2 dagger (weapon)
Missiles
 d - 13 poisoned darts (quivered)
 e - 2 curare-tipped darts
Armour
 b - a +0 robe (worn)
 c - a +0 cloak (worn)
Scrolls
 f - a scroll of magic mapping {unknown}
 g - a scroll of teleportation {unknown}
 i - a scroll of immolation {unknown}
 j - a scroll of enchant armour {unknown}
 k - a scroll of identify {unknown}
Potions
 h - 2 potions of attraction {unknown}


   Skills:
 + Level 1.9 Fighting
 * Level 3.0 Short Blades
 - Level 2.0 Throwing
 - Level 1.3 Dodging
 * Level 6.6 Stealth


You had 2 spell levels left.
You didn't know any spells.
Your spell library contained the following spells:

 Spells                   Type           Power      Damage    Failure   Level
 Animate Dead             Necr           0%         N/A       97%         4
 Haunt                    Necr/Summ      0%         N/A       100%        7
 Infestation              Necr           0%         N/A       100%        8


Dungeon Overview and Level Annotations

Branches:
Dungeon (2/15)

Altars:

Annotations:
D:2 Jessica


Innate Abilities, Weirdness & Mutations

You are very small and have problems with some larger weapons.
You are too small for most types of armour.
You have supernaturally acute eyesight. (SInv)
You cover ground extremely quickly. (Speed+++)


Message History

You see here a rat corpse.
You open the door.
There is an open door here.
Key pressed, stopping explore.
You now have 59 gold pieces (gained 10).
Key pressed, stopping explore.
k - a scroll labelled GUM YNLOSIZAOH You open the door.
Jessica the Apprentice Sorceress comes into view.
She is wielding a +0 dagger.
Jessica shouts!
Jessica is nearby!
You barely miss Jessica. Jessica barely misses you.
You hit Jessica but do no damage.
Jessica shouts, "You are a ghastly nuisance!"
Jessica hits you with a +0 dagger.
You take 6 damage, and have 12/18 hp.
MASSIVE DAMAGE!!
You barely miss Jessica.
Jessica casts a spell.
Jessica blinks!
Jessica hits you with a +0 dagger.
You take 3 damage, and have 9/18 hp.
You are too injured to fight recklessly!
You are too injured to fight recklessly!
You are too injured to fight recklessly!
You are too injured to fight recklessly!
You are too injured to fight recklessly!
You are too injured to fight recklessly!
You are too injured to fight recklessly!
You are too injured to fight recklessly!
You are too injured to fight recklessly!
You are too injured to fight recklessly!
You are too injured to fight recklessly!
You are too injured to fight recklessly!
You are too injured to fight recklessly!
You hit Jessica.
Jessica is heavily wounded.
Jessica casts a spell at you. Pain shoots through your body!
Ouch! That really hurt!
You die...

#.......# #.......#######
#.......+.....#############
#.......##......#.........#
#.......##......#.........#
#######.##......#.........#
#######.##......#.........#
..........@.....'..†......'
........##@##.###.........#
##########.##.# #.........#
#...........# #######...#
#.######.#### ##### #§# ...
....# #....# #....#


You could see Jessica.

Vanquished Creatures
  An adder (D:2)
  4 bats (D:1)
  3 endoplasms (D:1)
  4 goblins
  2 hobgoblins (D:1)
  A ball python (D:1)
  2 frilled lizards (D:1)
  3 kobolds (D:1)
  2 rats
22 creatures vanquished.

Vanquished Creatures (others)
  4 toadstools (D:1)
4 creatures vanquished.

Grand Total: 26 creatures vanquished

Notes
Turn   | Place    | Note
-------+----------+-------------------------------------------
     0 | D:1      | tatocazan the Spriggan Brigand began the quest for the Orb.
     0 | D:1      | Reached XP level 1. HP: 10/10 MP: 2/2
    39 | D:1      | Reached skill level 6 in Stealth
   361 | D:1      | Reached XP level 2. HP: 15/15 MP: 3/3
   863 | D:1      | Found a faded altar of an unknown god.
  1535 | D:2      | Reached XP level 3. HP: 18/18 MP: 4/4
  1687 | D:2      | Noticed Jessica
  1694 | D:2      | Killed from afar by Jessica

Illustrated notes

Levels and vault maps discovered:
D:1:      ldierk_water_garden, layout_basic,
          shapermc_ecumenical_altar_flowoftime
D:2:      layout_basic, kennysheep_generic_room_11, uniq_jessica

Skill      XL: |  1  2 |
---------------+-------+-----
Stealth        | 6 |  6.6
Short Blades   | 3 |  3.0
Fighting       | |  1.9
Throwing       | |  2.0
Dodging        | |  1.3

Action                   || total
-------------------------++-------
Melee: Dagger            ||    61
 Stab: Sleeping          ||     9
Armor: Robe              ||     5
Dodge: Dodged            ||    35

Table legend: (Time is in decaauts)
 A = Elapsed time spent in this place.
 B = Non-inter-level travel time spent in this place.
 C = Inter-level travel time spent in this place.
 D = Time resting spent in this place.
 E = Time spent auto-exploring this place.
 F = Levels seen in this place.
 G = Mean time per level.
                   A        B        C        D        E       F      G
               +--------+--------+--------+--------+--------+-----+--------+
         Total |   1269 |   1234 |     35 |    385 |    722 |   2 |  634.5 |
       Dungeon |   1269 |   1234 |     35 |    385 |    722 |   2 |  634.5 |
               +--------+--------+--------+--------+--------+-----+--------+

Top non-repeatable levels by time:
     D:1: 1152 daAuts
     D:2: 116 daAuts
